 Dungeon Crawl Stone Soup version 0.31-a0-1447-g87ca8d402b (webtiles) character file.

Game seed: 11588936991159518448

3593 holysushi the Slicer (level 10, -1/66 HPs)
             Began as an Octopode Monk on Dec 28, 2023.
             Was an Initiate of Gozag.
             Slain by a yak (13 damage)
             ... on level 8 of the Dungeon.
             The game lasted 00:21:47 (10739 turns).

holysushi the Slicer (Octopode Monk)               Turns: 10739, Time: 00:21:47

Health: -1/66      AC:  5    Str: 11    XL:     10   Next: 10%
Magic:  3/3        EV: 19    Int: 15    God:    Gozag
Gold:   358        SH:  6    Dex: 23    Spells: 9/9 levels left

rFire   . . .        b - +1 short sword (antimagic)
rCold   . . .        x - +0 buckler
rNeg    . . .        (helmet restricted)
rPois   +            f - amulet of regeneration
rElec   .            n - ring of poison resistance
rCorr   .            g - ring of Suspicion {Will+ Int+3 Dex+4}
SInv    .            F - +4 ring of slaying
Will    +....        G - +4 ring of protection
Stlth   ++++         (no ring)
HPRegen 1.11/turn    (no ring)
MPRegen 0.08/turn    (no ring)
                     (no ring)

%: no passive effects
@: weakened, gold aura, studying Conjurations
A: almost no armour, amphibious, 8 rings, camouflage 1, gelatinous body 1,
(nimble swimmer 1), tentacles
a: Renounce Religion, Potion Petition, Call Merchant, Bribe Branch


You were on level 8 of the Dungeon.
You worshipped Gozag.
Gozag was aware of your devotion.
You visited 2 branches of the dungeon, and saw 9 of its levels.
You also visited: Bailey.

You collected 2010 gold pieces.
You spent 1652 gold pieces at shops.

Inventory:

Hand Weapons
 a - a +0 short sword
 b - a +1 antimagic short sword (weapon)
Missiles
 l - 44 poisoned darts
 w - 5 curare-tipped darts (quivered)
Armour
 c - an orb of light
 x - a +0 buckler (worn)
Jewellery
 f - an amulet of regeneration (around mantle)
 g - the ring of Suspicion (right tentacle) {Will+ Int+3 Dex+4}
   (You acquired it in a bailey)

   [ring of willpower]

   Int+3:     It affects your intelligence (+3).
   Dex+4:     It affects your dexterity (+4).
   Will+:     It increases your willpower.
 n - a ring of poison resistance (left tentacle)
 F - a +4 ring of slaying (on tentacle)
 G - a +4 ring of protection (on tentacle)
Talismans
 D - a maw talisman
Wands
 r - a wand of roots (20)
 v - a wand of flame (2)
 I - a wand of light (14)
Scrolls
 d - 4 scrolls of teleportation
 e - 3 scrolls of vulnerability
 h - a scroll of fog
 o - 2 scrolls of fear
 p - 3 scrolls of immolation
 q - a scroll of enchant armour
 u - a scroll of amnesia
 L - 2 scrolls of revelation
Potions
 j - 2 potions of magic
 k - a potion of haste
 m - a potion of cancellation
 s - 2 potions of might
 t - a potion of enlightenment {unknown}
 y - 3 potions of ambrosia
 z - 2 potions of curing
 A - a potion of berserk rage {unknown}
 B - a potion of brilliance {unknown}
 C - a potion of heal wounds {unknown}
 J - a potion of lignification {unknown}


   Skills:
 - Level 5.0 Fighting
 - Level 10.0 Short Blades
 + Level 8.0 Dodging
 - Level 5.0 Stealth
 - Level 3.0 Shields
 + Level 3.5 Evocations
 + Level 1.7 Shapeshifting


You had 9 spell levels left.
You didn't know any spells.
Your spell library contained the following spells:

 Spells                   Type           Power      Damage    Failure   Level
 Kiss of Death            Conj/Necr      0%         2d5       36%         1
 Slow                     Hex            0%         N/A       36%         1
 Static Discharge         Conj/Air       0%         3-3/arc   50%         2
 Confusing Touch          Hex            0%         N/A       75%         3
 Dazzling Flash           Conj/Hex       0%         N/A       75%         3
 Gell's Gravitas          Tloc           0%         N/A       75%         3
 Mephitic Cloud           Conj/Alch/Air  0%         N/A       75%         3
 Sigil of Binding         Hex            0%         N/A       75%         3
 Teleport Other           Tloc           0%         N/A       75%         3
 Tukima's Dance           Hex            0%         N/A       75%         3
 Vampiric Draining        Necr           0%         2d6       75%         3
 Airstrike                Air            0%         2d(0-16)  98%         4
 Dimensional Bullseye     Hex/Tloc       0%         N/A       98%         4
 Dispel Undead            Necr           0%         3d6       98%         4
 Iskenderun's Mystic Bla  Conj/Tloc      0%         2d3       98%         4
 Summon Lightning Spire   Summ/Air       0%         N/A       98%         4
 Curse of Agony           Necr           0%         N/A       100%        5
 Silence                  Hex/Air        0%         N/A       100%        5
 Dispersal                Tloc           0%         N/A       100%        6


Dungeon Overview and Level Annotations

Branches:
Dungeon (8/15) Zot: 26648  Temple (1/1) D:6 Zot: 5959  Bailey (visited)
   Lair: D:8-11

Altars:
Ashenzari
Cheibriados
Dithmenos
Elyvilon
Gozag
Hepliaklqana
Kikubaaqudgha
Makhleb
Nemelex Xobeh
Okawaru
Qazlal
Ru
Sif Muna
Trog
Uskayaw
Vehumet
Wu Jian
Xom
Yredelemnul
Zin
The Shining One

Shops:
D:5 *

Annotations:
D:4 exclusion: downstairs
Temple 2 transporters


Innate Abilities, Weirdness & Mutations

You cannot wear most types of armour.
You are amphibious.
You can wear up to eight rings at the same time.
Your skin changes colour to match your surroundings (Stealth+).
Your rubbery body absorbs attacks. (AC +1, EV +1)
((You are camouflaged when in or above water. (Stealth+)))
You have tentacles for arms and can constrict up to eight enemies at once.


Message History

The yak attacks as it pursues you! The yak gores you but does no damage.
The gnoll is no longer moving quickly.
The gnoll attacks as it pursues you! The gnoll hits you with a +0 whip!
The gnoll is no longer moving quickly.
The gnoll attacks as it pursues you! The gnoll hits you with a +0 whip.
The yak attacks as it pursues you! The yak gores you!
The gnoll hits you but does no damage.
The gnoll bouda barks out a call to the hunt!
The gnolls pick up the pace!
Aiming: Fastroot
Press: ? - help, Shift-Dir - straight line, f - yak
Aim: a yak The roots erupt in riotous growth!
Roots grab the yak.
Roots grab the gnoll.
Roots grab the yak.
The grasping roots constrict the yak!
The grasping roots constrict the yak.
The grasping roots constrict the gnoll.
You hear a shout!
The gnoll is no longer moving quickly.
The yak struggles to escape constriction. x2
The gnoll hits you with a +0 whip.
The gnoll bouda gazes fiercely through you!
You feel your attacks grow feeble.
The grasping roots constrict the yak.
The grasping roots constrict the yak!
The grasping roots constrict the gnoll!
You kill the gnoll!
The roots release their grip on the yak.
The yak escapes!
The yak attacks as it pursues you! The yak gores you.
* * * LOW HITPOINT WARNING * * *
Aiming: Fastroot
Press: ? - help, Shift-Dir - straight line, f/p - yak
Aim: a yak (moderately wounded)
The roots erupt in riotous growth!
Roots grab the yak.
Roots grab the gnoll.
Roots grab the yak.
The grasping roots constrict the yak!
The grasping roots constrict the yak.
The grasping roots constrict the gnoll.
The gnoll hits you from afar with a +0 spear.
* * * LOW HITPOINT WARNING * * *
The yak gores you!
You die...
Your body crumbles into a pile of gold.

##..##............
##.........Y.......
###..........g.......
#....................
##...##..............
##.######...Yg...........
### ###..gY..........#..
#....Y...........#.#
##....@#............
#......##..##.....# #
#......#....#....## .##
##..#.....)##...>.#....
#...##...##...........#
##......)...).).<......
##........).)<)....?..
###.........###......
##........# ....$


You could see 4 yaks, a gnoll bouda and 2 gnolls.

Vanquished Creatures
  A kobold demonologist (Bailey)
  Grinder (D:5)
  Edmund (D:5)
  A water moccasin (D:5)
  11 orc warriors (Bailey)
  A black bear (D:4)
  3 kobold brigands
  2 bullfrogs (D:7)
  2 gnoll sergeants
  2 scorpions
  4 wights (D:8)
  6 electric eels (Bailey)
  3 orc priests
  2 hounds (D:5)
  4 iguanas
  6 orc wizards
  7 adders
  12 gnolls
  A shadow imp (D:7)
  2 white imps (D:6)
  4 ufetubi
  4 worms
  3 dart slugs
  23 orcs
  8 bats
  11 endoplasms
  2 giant cockroaches
  18 goblins
  11 hobgoblins
  4 jackals (D:1)
  2 quokkas
  6 ball pythons
  5 frilled lizards
  27 kobolds
  5 rats
205 creatures vanquished.

Vanquished Creatures (others)
  A hobgoblin (Bailey)
1 creature vanquished.

Grand Total: 206 creatures vanquished

Notes
Turn   | Place    | Note
-------+----------+-------------------------------------------
     0 | D:1      | holysushi the Octopode Monk began the quest for the Orb.
     0 | D:1      | Reached XP level 1. HP: 16/16 MP: 1/1
   129 | D:1      | Reached XP level 2. HP: 16/21 MP: 2/2
   665 | D:1      | Reached skill level 4 in Short Blades
  1051 | D:2      | Reached XP level 3. HP: 26/26 MP: 3/3
  1058 | D:2      | You fall into a shaft and drop 1 floor!
  1105 | D:3      | Identified the +1 sling "Zasmipitz" {flame, rN++ Str+2}
  1198 | D:2      | Reached skill level 1 in Stealth
  1820 | D:2      | Reached XP level 4. HP: 30/31 MP: 4/4
  2338 | D:3      | Reached skill level 5 in Short Blades
  2458 | D:3      | Reached XP level 5. HP: 36/36 MP: 5/5
  3045 | D:4      | Reached skill level 6 in Short Blades
  3213 | D:4      | Noticed a black bear
  3223 | D:4      | Killed a black bear
  3224 | D:4      | Reached XP level 6. HP: 42/42 MP: 6/6
  3976 | D:4      | Reached skill level 7 in Short Blades
  4112 | D:5      | Entered Level 5 of the Dungeon
  4149 | D:5      | Found Uhouwn's General Store.
  4157 | D:5      | Bought a scroll of fear for 56 gold pieces
  6345 | D:5      | Reached XP level 7. HP: 46/46 MP: 7/7
  6348 | D:5      | Noticed Grinder
  6358 | D:5      | Killed Grinder
  6648 | D:5      | Reached skill level 8 in Short Blades
  6771 | D:5      | Reached XP level 8. HP: 17/52 MP: 8/8
  6943 | D:5      | Noticed Edmund
  6981 | D:5      | Killed Edmund
  7343 | D:6      | Reached skill level 5 in Stealth
  7510 | D:6      | Found a staircase to the Ecumenical Temple.
  7528 | Temple   | Found a transporter.
  7528 | Temple   | Found a transporter.
  7528 | Temple   | Found a transporter.
  7528 | Temple   | Found a transporter.
  7528 | Temple   | Entered the Ecumenical Temple
  7550 | Temple   | Became a worshipper of Gozag Ym Sagoz the Greedy
  7630 | D:6      | Reached skill level 9 in Short Blades
  8153 | D:7      | Reached skill level 1 in Shields
  8177 | D:7      | Found a flagged portal.
  8186 | Bailey   | Entered a bailey
  8227 | Bailey   | Reached skill level 5 in Dodging
  8227 | Bailey   | Reached XP level 9. HP: 56/56 MP: 3/9
  8319 | Bailey   | Noticed an orc sorcerer
  8548 | Bailey   | Acquired the ring of Suspicion {Will+ Int+3 Dex+4}
  8551 | Bailey   | Acquired 1065 gold pieces
  8804 | Bailey   | Reached skill level 10 in Short Blades
  8886 | Bailey   | Noticed a kobold demonologist
  9004 | Bailey   | Killed a kobold demonologist
  9092 | Bailey   | Noticed a soul eater
  9214 | Bailey   | Reached skill level 5 in Fighting
  9368 | Bailey   | Found an iron altar of Okawaru.
  9794 | D:5      | Bought a +4 ring of slaying for 1092 gold pieces
  9794 | D:5      | Bought a +4 ring of protection for 504 gold pieces
 10031 | D:7      | Found an ornate altar of the Wu Jian Council.
 10078 | D:7      | Found a glowing silver altar of Zin.
 10078 | D:7      | Noticed an angel
 10380 | D:7      | Reached XP level 10. HP: 59/66 MP: 3/10
 10524 | D:8      | Reached skill level 1 in Shapeshifting
 10739 | D:8      | Slain by a yak

Illustrated notes

Levels and vault maps discovered:
D:1:      dpeg_arrival_castle, layout_loops_corners,
          nicolae_houndstooth_variations
D:2:      layout_basic
D:3:      layout_loops_ring, minmay_puff
D:4:      layout_layer_cave, chequers_serial_rivers_micro_d
D:5:      layout_basic, serial_shops, nicolae_shop_tiny_statue_garden,
          uniq_edmund, uniq_grinder
D:6:      layout_rooms, minmay_temple_entry_glassed_door, serial_glass,
          glass_columns_a, glass_columns_a, glass_columns_c
D:7:      layout_rooms, zin_angel, mainiacjoe_overflow_alcove_2, enter_bailey_3
D:8:      layout_cave_pools, serial_shops, shop
Temple:   hellmonk_temple_divided_pantheon

Skill      XL: |  1  2  3  4  5  6  7  8  9 10 |
---------------+-------------------------------+-----
Short Blades   | 4 5 6 7 8 9 10 | 10.0
Stealth        | 2 3 4 5 |  5.0
Evocations     | 3 |  3.5
Dodging        | 5 7 8 |  8.0
Shields        | 1 3 |  3.0
Fighting       | 5 |  5.0
Shapeshifting  | 1 |  1.7

Action                     |  1- 3 |  4- 6 |  7- 9 | 10-12 || total
---------------------------+-------+-------+-------+-------++-------
  Melee: Short sword       |    81 |   121 |   378 |    36 ||   616
         Constrict         |    28 |    26 |    79 |    10 ||   143
         Tentacles         |    22 |    33 |   116 |    10 ||   181
         Punch             |       |     2 |     8 |       ||    10
  Throw: Dart              |     1 |       |     8 |       ||     9
  Evoke: Wand              |       |     1 |    16 |     2 ||    19
    Use: Scroll            |     5 |     1 |    13 |       ||    19
   Stab: Sleeping          |     6 |     9 |    10 |       ||    25
         Distracted        |       |     1 |     5 |       ||     6
 Armour: Skin              |    34 |    39 |   101 |    13 ||   187
  Dodge: Dodged            |    46 |    56 |   136 |    14 ||   252
  Block: Buckler           |       |       |    24 |     3 ||    27

Table legend: (Time is in decaauts)
 A = Elapsed time spent in this place.
 B = Non-inter-level travel time spent in this place.
 C = Inter-level travel time spent in this place.
 D = Time resting spent in this place.
 E = Time spent auto-exploring this place.
 F = Levels seen in this place.
 G = Mean time per level.
                   A        B        C        D        E       F      G
               +--------+--------+--------+--------+--------+-----+--------+
         Total |  10501 |   9963 |    538 |    852 |   5928 |  10 | 1050.1 |
       Dungeon |   9021 |   8493 |    528 |    721 |   5928 |   8 | 1127.6 |
        Temple |     40 |     30 |     10 |      0 |      0 |   1 |   40.0 |
        Bailey |   1439 |   1439 |      0 |    131 |      0 |   1 | 1439.0 |
               +--------+--------+--------+--------+--------+-----+--------+

Top non-repeatable levels by time:
     D:3: 1918 daAuts
     D:1: 1772 daAuts
  Bailey: 1439 daAuts
     D:2: 1350 daAuts
     D:4: 1148 daAuts
     D:5: 1147 daAuts
     D:6: 732 daAuts
     D:7: 715 daAuts
     D:8: 237 daAuts
  Temple: 40 daAuts
